 Dungeon Crawl Stone Soup version 0.28.0-47-ge53b351184 (webtiles) character file.

Game seed: 13113404544681174501

1780 Kenran the Grappler (level 8, -13/60 (68) HPs)
             Began as a Palentonga Fighter on Apr 26, 2022.
             Was a Believer of Makhleb.
             Mangled by a tarantella (14 damage)
             ... summoned by a broodmother
             ... on level 7 of the Dungeon.
             The game lasted 00:16:12 (8004 turns).

Kenran the Grappler (Palentonga Fighter)            Turns: 8004, Time: 00:16:13

HP:   -13/60 (68)   AC: 20    Str: 23    XL:     8   Next: 81%
MP:   8/8           EV:  5    Int:  8    God:    Makhleb [**....]
Gold: 1117          SH:  0    Dex:  9    Spells: 7/7 levels left

rFire   . . .      SeeInvis +     - Unarmed
rCold   + . .      Faith    .   b - +0 buckler
rNeg    . . .      Spirit   .   a - +0 scale mail
rPois   .          Reflect  .   (no helmet)
rElec   .          Harm     .   (no cloak)
rCorr   +          Rampage  .   u - +0 pair of gloves
Will    .....                   s - +1 barding "Ceneh" {rCorr}
Stlth   ..........              (no amulet)
HPRegen 0.20/turn               x - ring of protection from cold
MPRegen 0.11/turn               (no ring)

@: confused, mighty, heavily drained, curled up
A: large, rugged brown scales 3, see invisible, deformed body, roll 1, armoured
tail, reflexive curl
a: Rolling Charge, Renounce Religion, Minor Destruction


You were on level 7 of the Dungeon.
You worshipped Makhleb.
Makhleb was pleased with you.
You visited 2 branches of the dungeon, and saw 8 of its levels.
You also visited: Ossuary.

You collected 1143 gold pieces.
You spent 26 gold pieces at shops.

Inventory:

Missiles
 e - 196 stones
 m - 2 javelins
 q - 5 boomerangs
 v - 12 poisoned darts
Armour
 a - a +0 scale mail (worn)
 b - a +0 buckler (worn)
 s - the +1 barding "Ceneh" (worn) {rCorr}
   (You acquired it on level 6 of the Dungeon)

   rCorr:     It protects you from acid and corrosion.
 u - a +0 pair of gloves (worn)
Jewellery
 x - a ring of protection from cold (left hand)
Scrolls
 d - a scroll of vulnerability
 g - a scroll of magic mapping
 j - a scroll of immolation
 k - a scroll of enchant armour
 n - a scroll of teleportation {unknown}
 p - a scroll of fog {unknown}
 t - a scroll of torment {unknown}
 y - 2 scrolls of enchant weapon
 A - a scroll of amnesia
 B - a scroll of blinking {unknown}
 C - a scroll of noise {unknown}
 D - a scroll of summoning {unknown}
Potions
 c - a potion of might
 f - 7 potions of curing {unknown}
 h - a potion of flight {unknown}
 i - a potion of lignification {unknown}
 l - 5 potions of berserk rage {unknown}
 o - a potion of haste {unknown}
 r - 3 potions of heal wounds {unknown}
 w - a potion of ambrosia {unknown}
 z - a potion of degeneration {unknown}


   Skills:
 + Level 6.2 Fighting
 - Level 4.0 Armour
 - Level 3.0 Shields
 * Level 9.2 Unarmed Combat


You had 7 spell levels left.
You didn't know any spells.
Your spell library contained the following spells:

 Spells                   Type           Power      Damage    Failure   Level
 Magic Dart               Conj           0%         1d3       80%         1
 Slow                     Hex            0%         N/A       80%         1
 Call Imp                 Summ           0%         N/A       90%         2
 Ensorcelled Hibernation  Hex/Ice        0%         N/A       90%         2
 Passwall                 Tmut/Erth      0%         N/A       90%         2
 Confusing Touch          Hex            0%         N/A       99%         3
 Conjure Flame            Conj/Fire      0%         6-21      99%         3
 Ignite Poison            Fire/Tmut/Pois 0%         N/A       99%         3
 Mephitic Cloud           Conj/Pois/Air  0%         N/A       99%         3
 Swiftness                Air            0%         N/A       99%         3
 Vampiric Draining        Necr           0%         2d6       99%         3
 Sticky Flame             Conj/Fire      0%         2d3       100%        4


Dungeon Overview and Level Annotations

Branches:
Dungeon (7/15)             Temple (1/1) D:6         Ossuary (visited)

Altars:
Ashenzari
Cheibriados
Gozag
Hepliaklqana
Makhleb
Nemelex Xobeh
Ru
Sif Muna
Uskayaw
Wu Jian

Shops:
D:2 *

Annotations:
D:1 exclusion: downstairs
D:5 5 runed translucent doors


Innate Abilities, Weirdness & Mutations

You are completely covered in rugged brown scales. (AC +3, +7% HP)
You have supernaturally acute eyesight. (SInv)
Armour fits poorly on your strangely shaped body.
You can roll at nearby foes to attack.
You have a long armoured tail.
You curl defensively after being hit. (AC +7*)


Message History

The glowing shapeshifter is lightly wounded.
The glowing shapeshifter changes into an anaconda!
You barely miss the anaconda.
The anaconda changes into a broodmother!
You hit the broodmother.
The broodmother is lightly wounded.
You pummel the broodmother!!
The broodmother is lightly wounded.
You hear a shout!
The broodmother bites you.
You hear a shout! x4
You hit the broodmother. You tail-slap the broodmother.
The broodmother is moderately wounded.
The broodmother bites you!!
A spider bursts forth from the wound!
You hear a shout!
You punch the broodmother!
The broodmother is moderately wounded.
The broodmother summons a spider!
The tarantella touches you.
You are confused.
The broodmother bites you but does no damage.
You pummel the broodmother!!
The broodmother is heavily wounded.
The tarantella touches you!
You are more confused.
The broodmother bites you but does no damage.
The tarantella touches you. The tarantella touches you.
You closely miss the broodmother.
The broodmother is heavily wounded.
The tarantella touches you.
* * * LOW HITPOINT WARNING * * *
You are more confused.
The broodmother bites you!
* * * LOW HITPOINT WARNING * * *
A spider bursts forth from the wound!
A kobold demonologist comes into view. It is wielding a +0 dagger.
You hit the broodmother. You tail-slap the broodmother!!
The broodmother is severely wounded.
The tarantella touches you!
You die...

#.........#
#.###.###.#
#.# #.#
#.###.#######.
#.............
#####.#######.
.#######^#
........s####
####.s..@ssK#
#.######K# #
#......#
#.####.#
#........K.K.5
#..###F#.##...
# #.#.# ..# #
...


You could see a broodmother shaped shifter, an orb spider (summoned), a kobold
demonologist, a culicivora (summoned), a tarantella (summoned) and a kobold
brigand.

Vanquished Creatures
  Eustachio (D:4)
  A water moccasin (D:5)
  A black bear (D:4)
  A centaur (D:6)
  3 ogres
  A bullfrog (D:7)
  4 scorpions
  A water moccasin skeleton (D:5)
  2 wights (D:6)
  3 centaur zombies (Ossuary)
  2 human zombies (Ossuary)
  A jelly (D:5)
  An orc priest (D:3)
  A centaur skeleton (D:6)
  Natasha (thrice) (D:4)
  2 iguanas
  An orc wizard (D:3)
  A hound skeleton (D:4)
  3 mummies (Ossuary)
  10 adders
  A white imp (D:6)
  4 adder zombies (Ossuary)
  An adder skeleton (D:4)
  2 worms (D:2)
  A dart slug (D:1)
  12 orcs
  8 ball pythons
  3 bats
  5 endoplasms
  5 giant cockroaches
  3 gnoll zombies (Ossuary)
  9 goblins
  5 hobgoblins
  11 jackals
  5 quokkas
  A frilled lizard (D:2)
  6 goblin zombies (Ossuary)
  2 hobgoblin zombies (Ossuary)
  4 jackal zombies (Ossuary)
  14 kobolds
  4 kobold zombies (Ossuary)
  2 orc zombies (Ossuary)
  3 quokka zombies (Ossuary)
  7 rats
  A rat zombie (Ossuary)
162 creatures vanquished.

Vanquished Creatures (others)
  14 plants (D:2)
14 creatures vanquished.

Grand Total: 176 creatures vanquished

Notes
Turn   | Place    | Note
-------+----------+-------------------------------------------
     0 | D:1      | Kenran the Palentonga Fighter began the quest for the Orb.
     0 | D:1      | Reached XP level 1. HP: 19/19 MP: 1/1
     6 | D:1      | Noticed a minotaur zombie
   369 | D:1      | Reached XP level 2. HP: 25/25 MP: 2/2
   556 | D:1      | Reached skill level 3 in Unarmed Combat
   909 | D:1      | Reached XP level 3. HP: 30/31 MP: 3/3
  1293 | D:2      | Reached skill level 4 in Unarmed Combat
  1340 | D:2      | Found Ywirph's General Store.
  1358 | D:2      | Bought a scroll of identify for 26 gold pieces
  1588 | D:2      | Reached XP level 4. HP: 33/37 MP: 4/4
  2076 | D:3      | Found a burning altar of Makhleb.
  2080 | D:3      | Became a worshipper of Makhleb the Destroyer
  2196 | D:3      | Reached XP level 5. HP: 39/43 MP: 5/5
  2431 | D:3      | Reached skill level 5 in Unarmed Combat
  2863 | D:4      | Noticed Natasha
  2872 | D:4      | Killed Natasha
  3129 | D:4      | Noticed Eustachio
  3149 | D:4      | Killed Eustachio
  3150 | D:4      | Reached skill level 6 in Unarmed Combat
  3150 | D:4      | Reached XP level 6. HP: 41/51 MP: 6/6
  3271 | D:4      | Reached * piety under Makhleb
  3785 | D:4      | Noticed Natasha
  3788 | D:4      | Killed Natasha
  3789 | D:4      | Gained mutation: You curl defensively after being hit. (AC
                  | +7*) [Palentonga growth]
  3789 | D:4      | Reached XP level 7. HP: 49/57 MP: 7/7
  3880 | D:4      | Noticed Natasha
  3887 | D:4      | Killed Natasha
  3888 | D:4      | Reached skill level 7 in Unarmed Combat
  3892 | D:4      | Identified the +2 morningstar "Hyipad" {freeze, Dex+4}
  4152 | D:5      | Entered Level 5 of the Dungeon
  4708 | D:5      | Found a runed translucent door.
  4708 | D:5      | Noticed a redback
  4709 | D:5      | Found a runed translucent gate.
  4709 | D:5      | Found a runed translucent gate.
  4709 | D:5      | Noticed a redback
  4709 | D:5      | Noticed a redback
  4727 | D:5      | Found the +9 staff of Olgreb {rPois∞}
  4733 | D:5      | Found a runed translucent door.
  5429 | D:5      | Found a runed translucent gate.
  5520 | D:5      | Reached XP level 8. HP: 22/65 MP: 8/8
  5559 | D:5      | Reached skill level 5 in Fighting
  6018 | D:6      | Reached skill level 8 in Unarmed Combat
  6117 | D:6      | Found a staircase to the Ecumenical Temple.
  6128 | Temple   | Entered the Ecumenical Temple
  6245 | D:6      | Found a sand-covered staircase.
  6386 | Ossuary  | Entered an ossuary
  6432 | Ossuary  | Reached ** piety under Makhleb
  6705 | Ossuary  | Reached *** piety under Makhleb
  7402 | D:6      | Identified 2 scrolls of acquirement
  7463 | D:6      | Acquired 839 gold pieces
  7468 | D:6      | Acquired the +1 barding "Ceneh" {rCorr}
  7514 | D:6      | Reached skill level 9 in Unarmed Combat
  7972 | D:7      | Noticed a kobold demonologist
  7994 | D:7      | Noticed a glowing shapeshifter
  7994 | D:7      | a kobold demonologist changed into a glowing shapeshifter
  7995 | D:7      | Noticed an anaconda
  7995 | D:7      | a glowing shapeshifter changed into an anaconda
  7996 | D:7      | Noticed a broodmother
  7996 | D:7      | an anaconda changed into a broodmother
  8000 | D:7      | Noticed a tarantella
  8001 | D:7      | Noticed an orb spider
  8003 | D:7      | HP: 1/60 [broodmother (glowing shapeshifter) (15)]
  8003 | D:7      | Noticed a kobold demonologist
  8004 | D:7      | Noticed a culicivora
  8004 | D:7      | Mangled by a tarantella

Illustrated notes

Levels and vault maps discovered:
D:1:      shiori_arrival_whats_in_store_for_you, layout_loops_ring,
          minmay_fountain_box, amcnicky_mini_rare_corridor_liquid
D:2:      layout_rooms, serial_shops,
          nicolae_shop_temple_entry_statues_fountains, lexackson_kobold_supper
D:3:      layout_basic, marbit_many_paths, kennysheep_generic_room_15
D:4:      layout_basic, minmay_fractal_squares_gapless_5, uniq_eustachio,
          uniq_natasha
D:5:      layout_basic, grunt_ministairs_7,
          minmay_guarded_unrand_staff_of_olgreb
D:6:      layout_cave_pods, minmay_temple_entry_tees, nicolae_ossuary_entry_plus
D:7:      layout_loops_corners, st_stairs_3, uniq_menkaure
Temple:   lightli_temple_of_artemis

Skill      XL: |  1  2  3  4  5  6  7  8 |
---------------+-------------------------+-----
Unarmed Combat | 3 4 6 7 9 |  9.2
Armour         | 3 4 |  4.0
Fighting       | 4 6 |  6.2
Shields        | 3 |  3.0

Action                   |  1- 3 |  4- 6 |  7- 9 || total
-------------------------+-------+-------+-------++-------
Melee: Unarmed           |   139 |   149 |   287 ||   575
       Tailslap          |    14 |    27 |    45 ||    86
Throw: Boomerang         |       |     1 |     2 ||     3
       Dart              |       |       |    10 ||    10
       Stone             |       |       |     4 ||     4
 Abil: Rolling Charge    |       |     1 |     6 ||     7
  Use: Scroll            |     3 |       |     6 ||     9
       Potion            |       |     1 |     1 ||     2
Armor: Scale mail        |    57 |    36 |   142 ||   235
Dodge: Dodged            |    34 |    34 |    72 ||   140
Block: Buckler           |    17 |    15 |    44 ||    76
